 Dungeon Crawl Stone Soup version 0.30-a0-465-g8901f6c8b5 (webtiles) character file.

Game seed: 1556179761499425249

280 p00ps00p the Trooper (level 6, -10/56 HPs)
             Began as a Hill Orc Fighter on Dec 19, 2022.
             Killed by divine providence
             ... invoked by an orc priest
              (15 damage)
             ... on level 4 of the Dungeon.
             The game lasted 00:04:48 (3451 turns).

p00ps00p the Trooper (Hill Orc Fighter)             Turns: 3451, Time: 00:04:49

Health: -10/56     AC:  6    Str: 21    XL:     6   Next: 27%
Magic:  6/6        EV:  9    Int:  8    God:
Gold:   347        SH:  0    Dex: 10    Spells: 5/5 levels left

rFire   . . .      SeeInvis .    a - +1 war axe (venom)
rCold   . . .      Faith    .    c - +0 buckler
rNeg    . . .      Spirit   .    b - +0 scale mail
rPois   .          Reflect  .    (no helmet)
rElec   .          Harm     .    (no cloak)
rCorr   .          Rampage  .    q - +0 pair of gloves
Will    .....                    k - +1 pair of boots
Stlth   ..........               (no amulet)
HPRegen 0.29/turn                (no ring)
MPRegen 0.10/turn                (no ring)

@: confused, ambrosia-drunk, corroded
A: no striking features
a: Convert to Beogh


You were on level 4 of the Dungeon.
You visited 1 branch of the dungeon, and saw 5 of its levels.

You collected 347 gold pieces.

Inventory:

Hand Weapons
 a - a +1 war axe of venom (weapon)
Armour
 b - a +0 scale mail (worn)
 c - a +0 buckler (worn)
 k - a +1 pair of boots (worn)
 q - a +0 pair of gloves (worn)
Jewellery
 j - an amulet of regeneration
 m - a ring of willpower
Wands
 g - a wand of flame (11)
 p - a wand of paralysis (6)
Scrolls
 f - a scroll of teleportation
Potions
 d - a potion of might
 e - a potion of berserk rage
 h - 2 potions of curing
 i - 2 potions of lignification
 l - a potion of brilliance
 n - 2 potions of ambrosia
 o - a potion of attraction {unknown}
 r - a potion of heal wounds {unknown}
 s - a potion of mutation {unknown}


   Skills:
 + Level 5.1 Fighting
 + Level 4.7 Axes
 + Level 4.6 Armour
 + Level 4.7 Shields


You had 5 spell levels left.
You didn't know any spells.
Your spell library contained the following spells:

 Spells                   Type           Power      Damage    Failure   Level
 Kiss of Death            Conj/Necr      0%         2d5       83%         1
 Summon Small Mammal      Summ           0%         N/A       83%         1
 Sublimation of Blood     Necr           0%         N/A       92%         2
 Wereblood                Tmut           0%         N/A       92%         2
 Call Canine Familiar     Summ           0%         N/A       99%         3
 Confusing Touch          Hex            0%         N/A       99%         3
 Ignite Poison            Fire/Tmut/Pois 0%         N/A       99%         3
 Kindle Blastsparks       Fire/Tloc/Air  0%         2d10      99%         3
 Summon Guardian Golem    Hex/Summ       0%         N/A       99%         3
 Dispel Undead            Necr           0%         3d6       100%        4
 Freezing Cloud           Conj/Ice/Air   0%         6-21      100%        5
 Summon Hydra             Summ           0%         N/A       100%        7


Dungeon Overview and Level Annotations

Branches:
Dungeon (5/15)
 Temple: D:4-7

Altars:
Ashenzari
Cheibriados
Hepliaklqana
Xom

Shops:
D:1 (


Message History

The jelly hits you but does no damage.
An orc comes into view. It is wielding a +0 short sword.
The orc priest hits you with a +0 flail!
The orc priest shouts, "Beogh is our master!
Accept the truth or die!"
You slash the jelly!
You kill the jelly!
You closely miss the orc priest.
The orc priest shouts, "Join the one true god or die!"
The orc priest hits you with a +0 flail.
An iguana comes into view.
The orc priest miscasts a cantrip.
A gnoll comes into view. It is wielding a +0 club.
The orc priest shouts, "Beogh is our master!
Accept the truth or die!"
The orc priest barely misses you.
You are too injured to fight recklessly!
Unknown command.
You are too injured to fight recklessly!
The gnoll shouts!
You hear a shout!
A gnoll comes into view. It is wielding a +0 club.
The orc priest hits you with a +0 flail.
An orc wizard comes into view. It is wielding a +0 dagger.
There is a stone staircase leading up, spattered with blood here.
The gnoll hits you from afar with a +0 halberd!
* * * LOW HITPOINT WARNING * * *
The orc priest barely misses you.
The orc priest hits you with a +0 dagger.
* * * LOW HITPOINT WARNING * * *
You block the orc's attack.
You climb upwards.
There is a stone staircase leading down here.
You barely miss the orc. You hit the orc priest.
The orc priest is poisoned.
You closely miss the orc priest. The orc priest closely misses you.
The orc priest hits you with a +0 flail!
* * * LOW HITPOINT WARNING * * *
The orc closely misses you.
You are confused.
You feel invigorated.
The orc priest invokes the aid of Beogh against you.
Beogh smites you!
You die...

........# #.....######
........# #..........#
........# #......[...#
......### ###+##.....#
......# #....'.....#
......# #....#.....#
......# #....#######
......#########ooo##...#
................@.##...#
.....)).##≈#...........#
......###≈≈##~.........#
......≈≈≈≈#≈≈#.........#
.....##≈#≈≈≈≈#~...##...#
.....#≈≈≈≈≈≈#≈~...###'##
.....~≈≈≈≈≈≈≈≈#.......<#
.....##≈#≈#≈≈##..[.....#
......#≈≈≈≈≈≈#.........#


You could see 2 orc priests and an orc.

Vanquished Creatures
  A phantom (D:4)
  A jelly (D:5)
  An orc priest (D:4)
  An orc wizard (D:3)
  4 adders
  An ufetubus (D:4)
  2 worms
  3 dart slugs
  6 orcs
  6 ball pythons
  8 bats
  6 endoplasms
  2 giant cockroaches (D:1)
  9 goblins
  4 hobgoblins
  7 kobolds
  3 quokkas
  3 frilled lizards
  3 rats
71 creatures vanquished.

Notes
Turn   | Place    | Note
-------+----------+-------------------------------------------
     0 | D:1      | p00ps00p the Hill Orc Fighter began the quest for the Orb.
     0 | D:1      | Reached XP level 1. HP: 19/19 MP: 1/1
   109 | D:1      | Reached XP level 2. HP: 25/27 MP: 2/2
   444 | D:1      | Reached skill level 4 in Fighting
   478 | D:1      | Found Tiarhe Upri's Weapon Shoppe.
   492 | D:1      | Reached XP level 3. HP: 33/33 MP: 3/3
  1093 | D:2      | Reached XP level 4. HP: 41/41 MP: 4/4
  2399 | D:3      | Reached XP level 5. HP: 47/47 MP: 5/5
  2829 | D:4      | Noticed a phantom
  2847 | D:4      | Killed a phantom
  2977 | D:4      | Found a hazy altar of Hepliaklqana.
  3006 | D:4      | Found a broken altar of Ashenzari.
  3040 | D:4      | Found a shimmering altar of Xom.
  3104 | D:4      | Reached skill level 5 in Fighting
  3113 | D:4      | Found a snail-covered altar of Cheibriados.
  3342 | D:4      | Reached XP level 6. HP: 56/56 MP: 6/6
  3441 | D:5      | Entered Level 5 of the Dungeon
  3450 | D:4      | HP: 2/56 [orc priest/+0 flail (7)]
  3451 | D:4      | Killed from afar by an orc priest

Illustrated notes

Levels and vault maps discovered:
D:1:      dpeg_arrival_triangle_fractal, layout_loops_ring, serial_shops,
          shop_statue, minmay_pentomino_t4
D:2:      layout_basic
D:3:      layout_basic, guppyfry_early_lair_pool
D:4:      layout_gridville, nicolae_overflow_crystal_walls,
          lemuel_coloured_pillars_altar, lemuel_tele_altar,
          kennysheep_slug_shrine, minivault_4
D:5:      layout_rooms, minmay_temple_entry_arrows

Skill      XL: |  1  2  3  4  5 |
---------------+----------------+-----
Axes           | 3 4 |  4.7
Fighting       | 4 5 |  5.1
Shields        | 4 |  4.7
Armour         | 4 |  4.6

Action                   |  1- 3 |  4- 6 || total
-------------------------+-------+-------++-------
Melee: War axe           |    65 |   102 ||   167
  Use: Scroll            |     9 |     5 ||    14
       Potion            |       |     1 ||     1
Armor: Scale mail        |    27 |    60 ||    87
Dodge: Dodged            |    31 |    45 ||    76
Block: Buckler           |    17 |    14 ||    31

Table legend: (Time is in decaauts)
 A = Elapsed time spent in this place.
 B = Non-inter-level travel time spent in this place.
 C = Inter-level travel time spent in this place.
 D = Time resting spent in this place.
 E = Time spent auto-exploring this place.
 F = Levels seen in this place.
 G = Mean time per level.
                   A        B        C        D        E       F      G
               +--------+--------+--------+--------+--------+-----+--------+
         Total |   3516 |   3463 |     53 |    324 |   2627 |   5 |  703.2 |
       Dungeon |   3516 |   3463 |     53 |    324 |   2627 |   5 |  703.2 |
               +--------+--------+--------+--------+--------+-----+--------+

Top non-repeatable levels by time:
     D:3: 1216 daAuts
     D:1: 801 daAuts
     D:2: 747 daAuts
     D:4: 742 daAuts
     D:5: 8 daAuts
